 Dungeon Crawl Stone Soup version 0.31-a0-640-g39d97e502b (webtiles) character file.

Game seed: 4392957919338583777

104 qw the Shooter (level 4, -1/28 HPs)
             Began as a Gargoyle Hunter on Aug 27, 2023.
             Slain by a giant cockroach (2 damage)
             ... on level 2 of the Dungeon.
             The game lasted 00:00:53 (1867 turns).

qw the Shooter (Gargoyle Hunter)                    Turns: 1867, Time: 00:00:53

Health: -1/28      AC:  8    Str: 14    XL:     4   Next: 80%
Magic:  4/4        EV: 10    Int: 10    God:
Gold:   132        SH:  0    Dex: 15    Spells: 3/3 levels left

rFire   + . .        Y - +0 shortbow
rCold   . . .        (shield currently unavailable)
rNeg    + . .        h - +0 ring mail
rPois   inf          (no helmet)
rElec   +            (no cloak)
rCorr   .            (no gloves)
SInv    .            (no boots)
Will    .....        (no amulet)
Stlth   +            e - ring of protection from fire
HPRegen 0.24/turn    (no ring)
MPRegen 0.09/turn

%: no passive effects
@: no status effects
A: sickness immunity, AC +3, negative energy resistance 1, electricity
resistance, torment resistance 1, petrification resistance
a: no special abilities


You were on level 2 of the Dungeon.
You visited 1 branch of the dungeon, and saw 3 of its levels.

You collected 132 gold pieces.


Innate Abilities, Weirdness & Mutations

You are immune to sickness and miasma.
Your stone body is resilient. (AC +3)
You are immune to poison.
You resist negative energy. (rN+)
You are resistant to electric shocks. (rElec)
You are resistant to unholy torment.
You are immune to petrification.


   Skills:
 - Level 3.0 Fighting
 + Level 5.5 Ranged Weapons
 - Level 1.0 Armour
 - Level 1.5 Dodging
 - Level 1.1 Stealth


You had 3 spell levels left.
You didn't know any spells.
Your spell library was empty.

Inventory:

Hand Weapons
 Y - a +0 shortbow (weapon)
Armour
 h - a +0 ring mail (worn)
Jewellery
 e - a ring of protection from fire (left hand)
 g - a ring of fire
Scrolls
 d - 3 scrolls of identify
Potions
 c - a potion of curing

Dungeon Overview and Level Annotations

Branches:
Dungeon (3/15)

Altars:


Message History

1858 ||| DRINKING potion of heal wounds.
You feel much better. The gnoll closely misses you.
The gnoll hits you with a +0 whip.
The giant cockroach bites you but does no damage.
You shoot an arrow. The arrow hits the gnoll.
The gnoll is severely wounded.
The giant cockroach bites you but does no damage.
The gnoll hits you with a +0 whip. The gnoll barely misses you.
You shoot an arrow. The arrow barely misses the gnoll.
The giant cockroach bites you. The gnoll hits you with a +0 whip.
The gnoll hits you but does no damage. The giant cockroach closely misses you.
The gnoll closely misses you. The gnoll barely misses you.
You shoot an arrow. The arrow hits the gnoll.
The gnoll is almost dead.
The giant cockroach barely misses you. The gnoll closely misses you.
The gnoll hits you with a +0 flail. The giant cockroach bites you.
You shoot an arrow. The arrow barely misses the gnoll.
The gnoll misses you. The gnoll hits you with a +0 whip.
The giant cockroach barely misses you.
You shoot an arrow. The arrow barely misses the gnoll.
The giant cockroach bites you but does no damage.
The gnoll hits you with a +0 whip. The gnoll hits you with a +0 flail.
You shoot an arrow.
The arrow hits the gnoll but does no damage.
The gnoll is almost dead.
The giant cockroach barely misses you. The gnoll closely misses you.
The gnoll hits you but does no damage.
The giant cockroach bites you but does no damage.
You shoot an arrow. The arrow hits the gnoll.
You kill the gnoll!
The gnoll closely misses you.
The giant cockroach completely misses you.
The gnoll hits you but does no damage.
You shoot an arrow.
The arrow hits the gnoll but does no damage.
The giant cockroach barely misses you. The gnoll barely misses you.
The giant cockroach barely misses you.
You shoot an arrow. The arrow closely misses the gnoll.
The gnoll hits you with a +0 whip. The giant cockroach bites you.
You die...

######## #......# #.####.#
##.####.# #######
#......g#### #......
#..#....@).########.#####
####..#.#.B#............%.##
#....?..........######.##.##
#.##..#.#.#.#..## #.......
######.##..........##
#..##.##
.....#.##....#.#.#.#
#.......
####...#####.......#
#.###.## ###.# #.#.#.#.##
#....... #.## #........##
##..#)##


You could see a gnoll and a giant cockroach.

Vanquished Creatures
  A gnoll (D:2)
  3 adders (D:2)
  A worm (D:2)
  2 dart slugs
  4 bats
  4 endoplasms
  3 giant cockroaches
  4 goblins
  6 hobgoblins
  4 jackals
  9 kobolds
  4 quokkas
  4 ball pythons (D:1)
  3 frilled lizards
  5 rats
57 creatures vanquished.

Notes
Turn   | Place    | Note
-------+----------+-------------------------------------------
     0 | D:1      | qw the Gargoyle Hunter began the quest for the Orb.
     0 | D:1      | Reached XP level 1. HP: 12/12 MP: 1/1
     0 | D:1      | 0 ||| qw: Version: 0.3-a-74-g0d5e918
     0 | D:1      | 0 ||| qw: Game counter: 43
     0 | D:1      | 0 ||| qw: Melee chars always use a shield: true
     0 | D:1      | 0 ||| qw: God list: Okawaru
     0 | D:1      | 0 ||| qw: Allow faded altars: false
     0 | D:1      | 0 ||| qw: Do Orc after clearing Dungeon:15 true
     0 | D:1      | 0 ||| qw: Do second Lair branch before Depths: true
     0 | D:1      | 0 ||| qw: Lair rune preference: random
     0 | D:1      | 0 ||| qw: Goals: Normal
     0 | D:1      | 0 ||| PLANNING D:1-11
    22 | D:1      | Reached XP level 2. HP: 17/17 MP: 2/2
    50 | D:1      | Found a faded altar of an unknown god.
   215 | D:1      | Reached XP level 3. HP: 14/21 MP: 3/3
   266 | D:1      | Reached skill level 5 in Ranged Weapons
   383 | D:1      | 383 ||| UPGRADING to +0 ring mail.
   390 | D:1      | 390 ||| UPGRADING to +0 ring mail.
   400 | D:1      | 400 ||| DROPPING +0 leather armour.
   585 | D:1      | Reached skill level 1 in Armour
   637 | D:1      | 637 ||| READING scroll labelled LIOVYB SEUPE.
   638 | D:1      | 638 ||| READING 3 scrolls labelled SANEOM MINIMO.
   639 | D:1      | 639 ||| READING 2 scrolls labelled SIEMNOUNUGO.
   640 | D:1      | 640 ||| READING 2 scrolls labelled ZIEVIAZOCZI.
   641 | D:1      | 641 ||| READING 3 scrolls labelled POYSOE AWAJAL.
   642 | D:1      | 642 ||| READING 2 scrolls labelled PYESCH JYXKAW.
   643 | D:1      | 643 ||| READING 2 scrolls of identify.
   643 | D:1      | 643 ||| IDENTIFYING cyan potion
   644 | D:1      | 644 ||| DROPPING scroll of butterflies.
   645 | D:1      | 645 ||| DROPPING scroll of immolation.
   646 | D:1      | 646 ||| DROPPING scroll of noise.
   647 | D:1      | 647 ||| DROPPING 2 scrolls of revelation.
   648 | D:1      | 648 ||| DROPPING scroll of fear.
   876 | D:2      | Reached skill level 3 in Fighting
   876 | D:2      | Reached XP level 4. HP: 28/28 MP: 4/4
  1286 | D:2      | 1286 ||| FLEEEEING.
  1287 | D:2      | 1287 ||| FLEEEEING.
  1288 | D:2      | 1288 ||| FLEEEEING.
  1348 | D:2      | 1348 ||| UPGRADING to ring of protection from fire.
  1349 | D:2      | 1349 ||| READING scroll labelled CUORCH GUSER.
  1350 | D:2      | 1350 ||| READING scroll labelled BEOCIT QETEITHREFUE.
  1760 | D:2      | 1760 ||| READING scroll labelled OMAYPO GEYTA.
  1761 | D:2      | 1761 ||| READING 4 scrolls of identify.
  1761 | D:2      | 1761 ||| IDENTIFYING murky pink potion
  1805 | D:3      | 1805 ||| STAIRDANCE
  1852 | D:3      | 1852 ||| STAIRDANCE
  1857 | D:2      | HP: 7/28 [gnoll/+0 whip (6)]
  1858 | D:2      | 1858 ||| DRINKING potion of heal wounds.
  1862 | D:2      | HP: 7/28 [gnoll/+0 whip (1)]
  1863 | D:2      | HP: 2/28 [gnoll/+0 flail (4)]
  1867 | D:2      | Slain by a giant cockroach

Levels and vault maps discovered:
D:1:      dpeg_arrival_tiny_a, layout_rooms,
          shapermc_ecumenical_altar_starsandcircs, serial_bayou_pond_a,
          minmay_octomino_e4
D:2:      layout_loops_corners, serial_co_window_serial, co_window_corner_a,
          co_window_paths_b, co_window_corner_a, co_window_paths_a,
          co_window_of_opportunity_a, co_window_paths_a, co_window_corner_a,
          co_window_corner_b, co_window_of_opportunity_b, co_window_broadway_b,
          co_window_unsneaky_path_e, glass_columns_c, glass_columns_b,
          glass_columns_a, glass_columns_b, glass_columns_a, chequers_avenue
D:3:      minmay_chambers_of_twos, layout_rooms, serial_shops, shop

Skill      XL: |  1  2  3 |
---------------+----------+-----
Ranged Weapons | 5 |  5.5
Armour         | 1 |  1.0
Fighting       | 3 |  3.0
Dodging        | |  1.5
Stealth        | |  1.1

Action                     |  1- 3 |  4- 6 || total
---------------------------+-------+-------++-------
   Fire: Shortbow          |   147 |    63 ||   210
    Use: Scroll            |     7 |     4 ||    11
         Potion            |       |     1 ||     1
 Armour: Leather armour    |    29 |       ||    29
         Ring mail         |    19 |    31 ||    50
  Dodge: Dodged            |    71 |    38 ||   109

Table legend:
 A = Non-vault XP
 B = Vault XP
 C = Vault XP percentage of total XP
 D = Non-vault monster count
 E = Vault monster count
 F = Vault count percentage of total count
                 A         B        C        D         E       F
            +---------+---------+-------+---------+---------+-------
      Total |     149 |       0 |   0.0 |      57 |       0 |   0.0
            +---------+---------+-------+---------+---------+-------
        D:1 |      55 |       0 |   0.0 |      32 |       0 |   0.0
        D:2 |      94 |       0 |   0.0 |      25 |       0 |   0.0
            +---------+---------+-------+---------+---------+-------
